 Dungeon Crawl Stone Soup version 0.28-a0-863-g8cecda6153 (webtiles) character file.

Game seed: 6295304868110653249

333 elagabalus the Slasher (level 6, 39/52 HPs)
             Began as a Minotaur Fighter on Nov 16, 2021.
             Quit the game on level 4 of the Dungeon on Nov 19, 2021.
             The game lasted 00:22:56 (2901 turns).

elagabalus the Slasher (Minotaur Fighter)           Turns: 2901, Time: 00:22:57

Health: 39/52      AC:  8    Str: 22    XL:     6   Next: 27%
Magic:  5/5        EV:  9    Int:  5    God:
Gold:   107        SH:  9    Dex: 10    Spells: 5/5 levels left

rFire   . . .      SeeInvis +   n - +0 falchion
rCold   . . .      Faith    .   c - +0 buckler
rNeg    . . .      Spirit   .   b - +0 scale mail
rPois   .          Reflect  +   (helmet restricted)
rElec   .          Harm     .   (no cloak)
rCorr   .          Rampage  .   (no gloves)
Will    .....                   h - +0 pair of boots
Stlth   ..........              f - amulet of reflection
HPRegen 0.17/turn               i - ring of see invisible
MPRegen 0.09/turn               (no ring)

@: no status effects
A: horns 2, retaliatory headbutt
a: no special abilities


You were on level 4 of the Dungeon.
You visited 1 branch of the dungeon, and saw 4 of its levels.

You collected 107 gold pieces.

Inventory:

Hand Weapons
 k - a +0 short sword
 n - a +0 falchion (weapon)
Missiles
 l - a throwing net (quivered)
Armour
 b - a +0 scale mail (worn)
 c - a +0 buckler (worn)
 h - a +0 pair of boots (worn)
Jewellery
 f - an amulet of reflection (around neck)
 i - a ring of see invisible (left hand)
Scrolls
 j - a scroll of blinking
Potions
 a - a potion of flight {unknown}
 d - a potion of might
 e - 2 potions of cancellation
 g - a potion of ambrosia
 m - a potion of mutation {unknown}


   Skills:
 - Level 4.0 Fighting
 * Level 7.5 Long Blades
 - Level 4.0 Armour
 - Level 4.0 Shields


You had 5 spell levels left.
You didn't know any spells.
Your spell library was empty.

Dungeon Overview and Level Annotations

Branches:
Dungeon (4/15)
 Temple: D:4-7

Altars:
Cheibriados


Innate Abilities, Weirdness & Mutations

You have a pair of horns on your head.
You reflexively headbutt those who attack you in melee.


Message History

You block the giant cockroach's attack.
You hit the giant cockroach.
You kill the giant cockroach!
You slash the orc!
You kill the orc!
The quokka barely misses you. You furiously retaliate!
You headbutt the quokka!
You kill the quokka!
Things that are here:
a +0 falchion; a quokka corpse
n - a +0 falchion
Okay, then.
n - a +0 falchion (weapon)
Drop what? 14/52 slots (_ for help) (? for menu, Esc to quit)
You drop a +1 long sword.
An orc comes into view. It is wielding a +0 whip.
The orc shouts!
You block the orc's attack.
You hit the orc but do no damage. The orc hits you but does no damage.
You hit the orc but do no damage. You block the orc's attack.
You hit the orc.
The orc is severely wounded.
You block the orc's attack.
Your scale mail prevents you from hitting the orc.
Your headbutt misses the orc.
The orc is severely wounded.
The orc barely misses you. You furiously retaliate!
You headbutt the orc, but do no damage. You barely miss the orc.
The orc is heavily wounded.
The orc barely misses you. You furiously retaliate!
You headbutt the orc. You hit the orc but do no damage.
The orc is severely wounded.
You slash the orc!
You kill the orc!
Things that are here:
a +0 whip; a +0 ring mail; an orc corpse You see here a +0 hand axe of venom.
a - a fizzy pink potion
Found 22 sling bullets.
Are you sure you want to abandon this character and quit the game? (Confirm with "yes".)

.......#.#..........##
...).................#
.##..)...)..........##
..#.#...[...........#
#..........[...##
..............###
..........##.##
..........#..##
........@# .........#
..........#
.........## ...(...###
.##...# ##.# ..


There were no monsters in sight!

Vanquished Creatures
  A black bear (D:4)
  A phantom (D:4)
  2 adders
  7 gnolls (D:2)
  3 worms
  3 dart slugs
  2 orcs (D:4)
  5 endoplasms
  A giant cockroach (D:4)
  3 goblins
  6 hobgoblins
  5 kobolds
  3 quokkas
  9 ball pythons
  8 bats
  A frilled lizard (D:1)
  9 rats
69 creatures vanquished.

Vanquished Creatures (others)
  9 plants (D:2)
9 creatures vanquished.

Grand Total: 78 creatures vanquished

Notes
Turn   | Place    | Note
-------+----------+-------------------------------------------
     0 | D:1      | elagabalus the Minotaur Fighter began the quest for the
                  | Orb.
     0 | D:1      | Reached XP level 1. HP: 19/19 MP: 0/0
   304 | D:1      | Reached XP level 2. HP: 27/27 MP: 1/1
   681 | D:2      | Reached skill level 3 in Long Blades
   763 | D:2      | Reached XP level 3. HP: 29/33 MP: 2/2
  1594 | D:2      | Reached skill level 4 in Long Blades
  1609 | D:2      | Reached XP level 4. HP: 34/40 MP: 3/3
  1716 | D:2      | Found a faded altar of an unknown god.
  1722 | D:2      | Reached skill level 5 in Long Blades
  2421 | D:3      | Reached XP level 5. HP: 45/46 MP: 4/4
  2684 | D:3      | Found a snail-covered altar of Cheibriados.
  2729 | D:4      | Noticed a phantom
  2730 | D:4      | Noticed a black bear
  2744 | D:4      | Killed a phantom
  2745 | D:4      | Reached skill level 6 in Long Blades
  2746 | D:4      | Killed a black bear
  2747 | D:4      | Reached skill level 7 in Long Blades
  2747 | D:4      | Reached XP level 6. HP: 21/52 MP: 5/5
  2901 | D:4      | Quit the game

Illustrated notes

Levels and vault maps discovered:
D:1:      dpeg_arrival_snail, layout_basic
D:2:      minmay_chambers_of_ones, layout_loops_corners, serial_aquarium,
          aquarium_bridge_straight [aquarium_subvault_bridge,
          aquarium_subvault_wall, aquarium_subvault_bridge,
          aquarium_subvault_wall], aquarium_bridge_island_small
          [aquarium_subvault_small_water, aquarium_subvault_wall,
          aquarium_subvault_wall, aquarium_subvault_window,
          aquarium_subvault_bridge], aquarium_window_corner, aquarium_window_1,
          aquarium_window_1, aquarium_view_2c, aquarium_pool_double,
          hellmonk_ecumenical_altar_zigzags, st_stairs_5, nicolae_grassy_gnolls
D:3:      layout_basic, mainiacjoe_overflow_alcove_4, minivault_23
D:4:      layout_cave_pools

Skill      XL: |  1  2  3  4  5 |
---------------+----------------+-----
Armour         | 4 |  4.0
Shields        | 4 |  4.0
Fighting       | 4 |  4.0
Long Blades    | 3 4 5 7 |  7.5

Action                   |  1- 3 |  4- 6 || total
-------------------------+-------+-------++-------
Melee: Long sword        |    95 |    64 ||   159
       Headbutt          |    11 |    14 ||    25
       Falchion          |       |     7 ||     7
  Use: Scroll            |     1 |     4 ||     5
       Potion            |       |     1 ||     1
Armor: Scale mail        |    31 |    15 ||    46
Dodge: Dodged            |    29 |    26 ||    55
Block: Buckler           |    32 |    37 ||    69
       Reflection        |     1 |       ||     1

Table legend: (Time is in decaauts)
 A = Elapsed time spent in this place.
 B = Non-inter-level travel time spent in this place.
 C = Inter-level travel time spent in this place.
 D = Time resting spent in this place.
 E = Time spent auto-exploring this place.
 F = Levels seen in this place.
 G = Mean time per level.
                   A        B        C        D        E       F      G
               +--------+--------+--------+--------+--------+-----+--------+
         Total |   2931 |    634 |   2297 |      0 |      0 |   4 |  732.8 |
       Dungeon |   2931 |    634 |   2297 |      0 |      0 |   4 |  732.8 |
               +--------+--------+--------+--------+--------+-----+--------+

Top non-repeatable levels by time:
     D:2: 1353 daAuts
     D:3: 747 daAuts
     D:1: 658 daAuts
     D:4: 172 daAuts
